 Dungeon Crawl Stone Soup version 0.26-a0-466-g989023bd0d (webtiles) character file.

Game seed: 10748724404404624988

25 1player the Cudgeler (level 3, -1/29 HPs)
             Began as a Formicid Abyssal Knight on Aug 7, 2020.
             Was a Follower of Lugonu.
             Slain by a kobold (2 damage)
             ... on level 1 of the Dungeon.
             The game lasted 00:03:06 (1398 turns).

1player the Cudgeler (Formicid Abyssal Knight)      Turns: 1398, Time: 00:03:06

Health: -1/29      AC:  3    Str: 17    XL:     3   Next: 17%
Magic:  4/4        EV: 11    Int: 11    God:    Lugonu [*.....]
Gold:   28         SH:  0    Dex: 10    Spells: 2/2 levels left

rFire    . . .     SeeInvis +   a - +1 mace
rCold    . . .     Faith    .   (no shield)
rNeg     . . .     Spirit   .   b - +0 leather armour
rPois    .         Reflect  .   (helmet unavailable)
rElec    .         Harm     .   (no cloak)
rCorr    .                      (no gloves)
MR       .....                  (no boots)
Stlth    +.........             (no amulet)
HPRegen  0.09/turn              (no ring)
MPRegen  0.09/turn              (no ring)

@: no status effects
A: permanent stasis, dig shafts and tunnels, four strong arms, antennae 3
a: Dig, Shaft Self, Depart the Abyss, Renounce Religion


You were on level 1 of the Dungeon.
You worshipped Lugonu.
Lugonu was aware of your devotion.
You visited 1 branch of the dungeon, and saw 2 of its levels.
You visited the Abyss 1 time.

You collected 28 gold pieces.

Inventory:

Hand Weapons
 a - a +1 mace (weapon)
Armour
 b - a +0 leather armour (worn)
Scrolls
 f - 2 scrolls of immolation {unknown}
 h - 2 scrolls of enchant armour {unknown}
 i - a scroll of identify {unknown}
 k - 2 scrolls of remove curse {unknown}
Potions
 c - a potion of curing {unknown}
 d - a potion of brilliance {unknown}
 e - a potion of haste {unknown}
 g - a potion of berserk rage {unknown}
 j - a potion of lignification {unknown}


   Skills:
 - Level 3.2 Fighting
 + Level 3.4 Maces & Flails
 - Level 2.1 Armour
 - Level 0.8 Dodging
 - Level 2.1 Invocations


You had 2 spell levels left.
You didn't know any spells.
Your spell library was empty.

Dungeon Overview and Level Annotations

Branches:
Dungeon (2/15)

Altars:

Annotations:
D:2 Sigmund


Innate Abilities, Weirdness & Mutations

You cannot be hasted, slowed, berserked, paralysed or teleported.
You can dig through walls and to a lower floor.
Your four strong arms can wield two-handed weapons with a shield.
You have a pair of large antennae on your head. (SInv)


Message History

* * * LOW HITPOINT WARNING * * *
The quokka barely misses you. The quokka bites you.
* * * LOW HITPOINT WARNING * * *
The quokka misses you.
You hit the quokka.
You kill the quokka!
Lugonu accepts your kill.
You closely miss the kobold. The kobold misses you.
You closely miss the kobold. The kobold hits you.
* * * LOW HITPOINT WARNING * * *
You miss the kobold. The kobold barely misses you.
Press: ? - help, v - describe, . - travel, g - get item
Here: a kobold Item here: a quokka corpse.
The floor.
You hit the kobold but do no damage. The kobold hits you.
* * * LOW HITPOINT WARNING * * *
The kobold hits you.
You die...

..#...#..#.#.###..##############
###...#............(.#####
#....>#..#.#.............#
#.#........#.####....###.#
.....#.........##....# #.#
#....####).##K.##....# #.#
#......#.#.#...##....# #.#
##....##(###.#.##....###.#######
.#...#.[...#...K@..............#
.#...###.##..#.##.######.#####.#
..(..#.#.#...#.##.# #.# #.#
....##..####.#.##.######.## #.#
.##........#......#.......# #.#
.............#.####.......# #.#
.####.....................# #.#
.............#####........# #.#
.............#####.###########.#


You could see a kobold.

Vanquished Creatures
  A dart slug (D:1)
  A giant cockroach (D:1)
  A hobgoblin (D:1)
  3 jackals (D:1)
  A quokka (D:1)
  5 bats (D:1)
  3 frilled lizards (D:1)
  3 goblins (D:1)
  2 kobolds (D:1)
  A rat (D:1)
21 creatures vanquished.

Notes
Turn   | Place    | Note
-------+----------+-------------------------------------------
     0 | Abyss:1  | 1player the Formicid Abyssal Knight began the quest for the
                  | Orb.
     0 | Abyss:1  | Reached XP level 1. HP: 18/18 MP: 2/2
   123 | Abyss:1  | Noticed a thrashing horror
   123 | Abyss:1  | Noticed a starcursed mass
   123 | Abyss:1  | Noticed a glowing orange brain
   124 | D:1      | Escaped the Abyss
   350 | D:1      | Reached * piety under Lugonu
   350 | D:1      | Reached XP level 2. HP: 23/24 MP: 3/3
   760 | D:1      | Reached XP level 3. HP: 24/29 MP: 4/4
  1373 | D:2      | Noticed Sigmund
  1398 | D:1      | HP: 1/29 [kobold (4)]
  1398 | D:1      | Slain by a kobold

Illustrated notes

Levels and vault maps discovered:
D:1:      minmay_arrival_floating_metal, layout_basic, minmay_octomino_j4
D:2:      layout_rooms, fedhas_altar_4, uniq_robin, uniq_sigmund

Skill      XL: |  1  2 |
---------------+-------+-----
Maces & Flails | 3 |  3.4
Fighting       | |  3.2
Armour         | |  2.1
Dodging        | |  0.8
Invocations    | |  2.1

Action                   || total
-------------------------++-------
Melee: Mace              ||    77
Invok: Depart the Abyss  ||     1
 Abil: Dig               ||     2
Armor: Leather armour    ||    35
Dodge: Dodged            ||    82

Table legend: (Time is in decaauts)
 A = Elapsed time spent in this place.
 B = Non-inter-level travel time spent in this place.
 C = Inter-level travel time spent in this place.
 D = Time resting spent in this place.
 E = Time spent auto-exploring this place.
 F = Levels seen in this place.
 G = Mean time per level.
                   A        B        C        D        E       F      G
               +--------+--------+--------+--------+--------+-----+--------+
         Total |   1432 |   1396 |     36 |    329 |    672 |   3 |  477.3 |
       Dungeon |   1308 |   1272 |     36 |    329 |    588 |   2 |  654.0 |
         Abyss |    124 |    124 |      0 |      0 |     84 |   1 |  124.0 |
               +--------+--------+--------+--------+--------+-----+--------+

Top non-repeatable levels by time:
     D:1: 1302 daAuts
 Abyss:1: 124 daAuts
     D:2: 5 daAuts
